 Dungeon Crawl Stone Soup version 0.29-a0-1006-g0dd7720b37 (webtiles) character file.

Game seed: 2304938957282351569

2 BritishOli the Trooper (level 1, 18/18 HPs)
             Began as a Demonspawn Fighter on Aug 6, 2022.
             Was a Follower of Vehumet.
             Got out of the dungeon alive.
             The game lasted 00:00:24 (144 turns).

BritishOli the Trooper (Demonspawn Fighter)          Turns: 144, Time: 00:00:25

Health: 18/18      AC:  6    Str: 16    XL:     1   Next: 25%
Magic:  1/1        EV:  8    Int:  9    God:    Vehumet [*.....]
Gold:   14         SH:  4    Dex: 12    Spells: 0/0 levels left

rFire   . . .      SeeInvis .   a - +0 long sword
rCold   . . .      Faith    .   c - +0 buckler
rNeg    . . .      Spirit   .   b - +0 scale mail
rPois   .          Reflect  .   (no helmet)
rElec   .          Harm     .   (no cloak)
rCorr   .          Rampage  .   (no gloves)
Will    .....                   (no boots)
Stlth   ..........              (no amulet)
HPRegen 0.06/turn               (no ring)
MPRegen 0.07/turn               (no ring)

@: no status effects
A: no striking features
a: Renounce Religion


You escaped.
You worshipped Vehumet.
Vehumet was aware of your devotion.
You visited 1 branch of the dungeon, and saw 1 of its levels.

You collected 14 gold pieces.

Inventory:

Hand Weapons
 a - a +0 long sword (weapon)
Armour
 b - a +0 scale mail (worn)
 c - a +0 buckler (worn)
Scrolls
 e - a scroll of identify {unknown}
Potions
 d - a potion of might


   Skills:
 + Level 3.0 Fighting
 + Level 1.8 Long Blades
 + Level 2.7 Armour
 + Level 2.7 Shields


You couldn't memorise any spells.
You didn't know any spells.
Your spell library was empty.

Dungeon Overview and Level Annotations

Branches:
Dungeon (1/15)

Altars:
Vehumet

Shops:
D:1 :


Message History

No target in view!
No target in view!
No target in view!
HP restored.
There is an entrance to Famei's Book Shoppe here.
e - a scroll labelled NOIRCH LAGUSH No target in view!
Found a ring mail.
No target in view!
No target in view!
No target in view!
You now have 4 gold pieces.
Found a faded altar of an unknown god.
No target in view!
Found a rapier.
No target in view!
No target in view!
No target in view!
No target in view!
You now have 14 gold pieces (gained 10).
A frilled lizard comes into view.
The frilled lizard hisses angrily.
You block the frilled lizard's attack.
A frilled lizard is nearby!
You miss the frilled lizard.
The frilled lizard bites you but does no damage.
You hit the frilled lizard.
You kill the frilled lizard!
No target in view!
No target in view!
There is a faded altar of an unknown god here.
You cannot tell which god this altar belongs to.
Convert to them anyway?
Vehumet accepts your prayer! Vehumet welcomes you!
You can now gain magical power from killing.
Vehumet offers you knowledge of Sandblast.
There is an open door here.
There is a staircase leading out of the dungeon here.
Are you sure you want to leave the Dungeon?
This will make you lose the game!
You have escaped!

### #...##
##...# #.#'###
#.#.#.#♣♣♣♣♣#.#
#.#.........(..
#.#..♣..♣.♣..♣
#.#~#♣♣..~..♣
#.#≈#P♣.~~~.♣P
#.#≈#@..~8~..>#
#≈#P♣.~~~.♣P#
#~#♣♣..~..♣ #
#. ..♣.♣..♣
.........
#♣♣♣♣♣#.# ##


There were no monsters in sight!

Vanquished Creatures
  A frilled lizard (D:1)
  A kobold (D:1)
  A rat (D:1)
3 creatures vanquished.

Notes
Turn   | Place    | Note
-------+----------+-------------------------------------------
     0 | D:1      | BritishOli the Demonspawn Fighter began the quest for the
                  | Orb.
     0 | D:1      | Reached XP level 1. HP: 18/18 MP: 1/1
    12 | D:1      | Found Famei's Book Shoppe.
    86 | D:1      | Found a faded altar of an unknown god.
   114 | D:1      | Prayed at the altar of an unknown god.
   114 | D:1      | Became a worshipper of Vehumet
   114 | D:1      | Reached * piety under Vehumet
   114 | D:1      | Offered knowledge of Sandblast by Vehumet.
   144 | D:$      | Got out of the dungeon alive.

Illustrated notes

Levels and vault maps discovered:
D:1:      tarquinn_simple_flora_water_b, layout_basic, serial_shops,
          nicolae_square_shop, nicolae_square_shop, nicolae_shop_hallway_stairs,
          nicolae_shop_hallway_stairs, nicolae_ecumenical_snake_handling

Action                   || total
-------------------------++-------
Melee: Long sword        ||     6
Armor: Scale mail        ||     3
Dodge: Dodged            ||     2
Block: Buckler           ||     1

Table legend: (Time is in decaauts)
 A = Elapsed time spent in this place.
 B = Non-inter-level travel time spent in this place.
 C = Inter-level travel time spent in this place.
 D = Time resting spent in this place.
 E = Time spent auto-exploring this place.
 F = Levels seen in this place.
 G = Mean time per level.
                   A        B        C        D        E       F      G
               +--------+--------+--------+--------+--------+-----+--------+
         Total |    146 |    111 |     35 |      0 |     86 |   1 |  146.0 |
       Dungeon |    146 |    111 |     35 |      0 |     86 |   1 |  146.0 |
               +--------+--------+--------+--------+--------+-----+--------+

Top non-repeatable levels by time:
     D:1: 146 daAuts
